 Dungeon Crawl Stone Soup version 0.28-a0-313-gbc0475efdd (webtiles) character file.

Game seed: 377706785167639214

11 bande the Covered (level 2, 0/19 HPs)
             Began as a Gargoyle Fighter on Sept 1, 2021.
             Slain by a jackal (2 damage)
             ... on level 1 of the Dungeon.
             The game lasted 00:00:57 (451 turns).

bande the Covered (Gargoyle Fighter)                 Turns: 451, Time: 00:00:57

Health: 0/19       AC:  9    Str: 19    XL:     2   Next: 29%
Magic:  2/2        EV:  7    Int:  8    God:
Gold:   9          SH:  8    Dex:  9    Spells: 1/1 levels left

rFire   . . .      SeeInvis .   a - +0 war axe
rCold   . . .      Faith    .   c - +0 kite shield
rNeg    + . .      Spirit   .   b - +0 scale mail
rPois   ∞          Reflect  .   (no helmet)
rElec   +          Harm     .   (no cloak)
rCorr   .          Rampage  .   (no gloves)
Will    .....                   (no boots)
Stlth   ..........              (no amulet)
HPRegen 0.06/turn               (no ring)
MPRegen 0.08/turn               (no ring)

@: mighty
A: sickness immunity, AC +2, negative energy resistance 1, electricity
resistance, torment resistance 1, petrification resistance
a: no special abilities


You were on level 1 of the Dungeon.
You visited 1 branch of the dungeon, and saw 1 of its levels.

You collected 9 gold pieces.

Inventory:

Hand Weapons
 a - a +0 war axe (weapon)
Armour
 b - a +0 scale mail (worn)
 c - a +0 kite shield (worn)
Scrolls
 e - a scroll of identify {unknown}


   Skills:
 + Level 3.5 Fighting
 + Level 1.8 Axes
 + Level 3.5 Armour
 + Level 3.5 Shields


You had one spell level left.
You didn't know any spells.
Your spell library was empty.

Dungeon Overview and Level Annotations

Branches:
Dungeon (1/15)

Altars:


Innate Abilities, Weirdness & Mutations

You are immune to sickness and miasma.
Your stone body is resilient. (AC +2)
You are immune to poison.
You resist negative energy. (rN+)
You are resistant to electric shocks. (rElec)
You are resistant to unholy torment.
You are immune to petrification.


Message History

* * * LOW HITPOINT WARNING * * *
You block the jackal's attack. The dart slug launches a dart at you.
The slug dart misses you.
The jackal bites you but does no damage.
You block the jackal's attack. You block the jackal's attack.
The jackal bites you but does no damage.
The jackal barely misses you.
The jackal bites you but does no damage.
A bat and a kobold come into view.
The kobold is wielding a +0 vampiric short sword.
Found a fuming yellow potion, a spear and a club.
The kobold shouts!
A rat comes into view.
You block the jackal's attack. You block the jackal's attack.
The jackal bites you.
* * * LOW HITPOINT WARNING * * *
You slash the jackal!
You kill the jackal!
You block the bat's attack. The bat hits you but does no damage.
The bat barely misses you.
Your shield and scale mail prevent you from hitting the jackal.
The jackal is heavily wounded.
The jackal bites you but does no damage.
You block the jackal's attack.
You miss the jackal.
The jackal is heavily wounded.
The jackal bites you but does no damage. x2
You hit the jackal but do no damage.
The jackal is heavily wounded.
The jackal bites you but does no damage. x3
You barely miss the jackal.
The jackal is heavily wounded.
The jackal closely misses you.
The jackal bites you but does no damage.
You feel very mighty all of a sudden. The jackal bites you.
You die...

#....(..#.##.#
##.#........... #
#####.....#.######...
......)..............
##....#...##...#####
##....#...##.#..w.##
....###........Kb..#
..........######h#..#
######....# #@# ..#
####....# #..# ..
##....#### ##...
#..#### ##... #.##
##... ##.# .# ...# #
.### ##


You could see a dart slug, a jackal, a bat and a kobold.

Vanquished Creatures
  An endoplasm (D:1)
  3 goblins (D:1)
  3 jackals (D:1)
  A quokka (D:1)
  2 rats (D:1)
10 creatures vanquished.

Notes
Turn   | Place    | Note
-------+----------+-------------------------------------------
     0 | D:1      | bande the Gargoyle Fighter began the quest for the Orb.
     0 | D:1      | Reached XP level 1. HP: 14/14 MP: 1/1
   429 | D:1      | Reached XP level 2. HP: 11/19 MP: 2/2
   451 | D:1      | Slain by a jackal

Illustrated notes

Levels and vault maps discovered:
D:1:      nicolae_arrival_washed_ashore, layout_rooms,
          hellmonk_ecumenical_altar_inner_sanctum, minmay_small_reverse_x

Action                   || total
-------------------------++-------
Melee: War axe           ||    24
  Use: Potion            ||     1
Armor: Scale mail        ||    29
Dodge: Dodged            ||    14
Block: Kite shield       ||    17

Table legend: (Time is in decaauts)
 A = Elapsed time spent in this place.
 B = Non-inter-level travel time spent in this place.
 C = Inter-level travel time spent in this place.
 D = Time resting spent in this place.
 E = Time spent auto-exploring this place.
 F = Levels seen in this place.
 G = Mean time per level.
                   A        B        C        D        E       F      G
               +--------+--------+--------+--------+--------+-----+--------+
         Total |    466 |    466 |      0 |    250 |    142 |   1 |  466.0 |
       Dungeon |    466 |    466 |      0 |    250 |    142 |   1 |  466.0 |
               +--------+--------+--------+--------+--------+-----+--------+

Top non-repeatable levels by time:
     D:1: 466 daAuts
